 Dungeon Crawl Stone Soup version 0.29-a0-541-gaf1fc19f1b (webtiles) character file.

Game seed: 10689189894140524302

8 Zeld the Shield-Bearer (level 2, -1/26 HPs)
             Began as a Meteoran Fighter on June 3, 2022.
             Slain by a quokka (3 damage)
             ... on level 1 of the Dungeon.
             The game lasted 00:00:57 (209 turns).

Zeld the Shield-Bearer (Meteoran Fighter)            Turns: 209, Time: 00:00:58

Health: -1/26      AC:  7    Str: 17    XL:     2   Next: 29%
Magic:  3/3        EV:  9    Int:  9    God:
Gold:   14         SH:  5    Dex: 13    Spells: 1/1 levels left

rFire   . . .      SeeInvis .   a - +0 flail
rCold   . . .      Faith    .   c - +0 buckler
rNeg    . . .      Spirit   .   b - +0 scale mail
rPois   .          Reflect  .   (no helmet)
rElec   .          Harm     .   (no cloak)
rCorr   .          Rampage  .   (no gloves)
Will    .....                   (no boots)
Stlth   ..........              (no amulet)
HPRegen 0.08/turn               (no ring)
MPRegen 0.08/turn               (no ring)

@: glowing
A: sense surroundings 1, otherworldly, glowing, explore regen
a: no special abilities


You were on level 1 of the Dungeon.
You visited 1 branch of the dungeon, and saw 1 of its levels.

You collected 14 gold pieces.

Inventory:

Hand Weapons
 a - a +0 flail (weapon)
Armour
 b - a +0 scale mail (worn)
 c - a +0 buckler (worn)
Potions
 d - 2 potions of might
 e - a potion of heal wounds {unknown}


   Skills:
 + Level 3.4 Fighting
 + Level 3.0 Maces & Flails
 + Level 3.8 Armour
 + Level 3.8 Shields


You had one spell level left.
You didn't know any spells.
Your spell library contained the following spells:

 Spells                   Type           Power      Damage    Failure   Level
 Gell's Gravitas          Tloc           0%         N/A       99%         3
 Lesser Beckoning         Tloc           0%         N/A       99%         3
 Teleport Other           Tloc           0%         N/A       99%         3
 Dispersal                Tloc           0%         N/A       100%        6


Dungeon Overview and Level Annotations

Branches:
Dungeon (1/15)

Altars:

Shops:
D:1 !


Innate Abilities, Weirdness & Mutations

You passively map a small area around you.
You are easily found by Zot.
You glow in the dark.
You regain HP and MP as you explore.


Message History

You block the ball python's attack.
The ball python bites you but does no damage.
The ball python constricts you. The quokka bites you.
You closely miss the quokka.
The ball python bites you but does no damage.
The ball python bites you. The ball python constricts you.
The quokka bites you.
* * * LOW HITPOINT WARNING * * *
You block the ball python's attack.
You are too injured to fight recklessly!
Unknown command.
You escape the ball python's grasp.
The ball python attacks as you move away!
The ball python misses you. The ball python barely misses you.
The ball python grabs you. The ball python constricts you.
You escape the ball python's grasp.
The quokka attacks as you move away!
The quokka bites you but does no damage.
The ball python bites you but does no damage.
You block the ball python's attack. The ball python closely misses you.
The ball python grabs you. The ball python constricts you.
You escape the ball python's grasp.
You block the quokka's attack.
You see here 29 stones.
The quokka attacks as you move away! The quokka bites you.
* * * LOW HITPOINT WARNING * * *
The ball python bites you.
* * * LOW HITPOINT WARNING * * *
The ball python grabs you. The ball python constricts you.
You escape the ball python's grasp.
The ball python attacks as you move away!
The ball python bites you.
* * * LOW HITPOINT WARNING * * *
The ball python barely misses you.
Sorry, you're not good enough to have a special ability.
The quokka attacks as you move away!
The quokka bites you but does no damage.
The ball python attacks as you move away!
The ball python bites you but does no damage.
You block the ball python's attack. The quokka attacks as you move away!
You block the quokka's attack. The quokka bites you.
You die...

#..........# ###≈≈.##
..$.....$..# #.'..∩..
#.........# #.###.≈≈
##........# #)#.#.≈.
#.........##############...#+#.
, #......>.........####..... ,
#...(............# #..... ,
####.....S.......# #..... , ,
#...Sr@.......# #..... * , ,
#.............# ###### *
#.............# ,
#.............# , ,
#..^..........######### *
#############.......... ,
#.######### * #.# #.# **


You could see a quokka and 2 ball pythons.

Vanquished Creatures
  A ball python (D:1)
  2 endoplasms (D:1)
  A giant cockroach (D:1)
  2 goblins (D:1)
  A rat (D:1)
7 creatures vanquished.

Notes
Turn   | Place    | Note
-------+----------+-------------------------------------------
     0 | D:1      | Zeld the Meteoran Fighter began the quest for the Orb.
     0 | D:1      | Reached XP level 1. HP: 19/19 MP: 2/2
   117 | D:1      | Found Riufig's Distillery.
   176 | D:1      | Reached XP level 2. HP: 26/26 MP: 3/3
   209 | D:1      | Slain by a quokka

Illustrated notes

Levels and vault maps discovered:
D:1:      dpeg_arrival_concentric_ovals, layout_basic,
          nicolae_ecumenical_snake_handling, serial_shops,
          nicolae_shop_hallway_plus, shop

Skill      XL: |  1  2 |
---------------+-------+-----
Maces & Flails | 3 |  3.0
Fighting       | |  3.4
Armour         | |  3.8
Shields        | |  3.8

Action                   || total
-------------------------++-------
Melee: Flail             ||    20
Armor: Scale mail        ||    21
Dodge: Dodged            ||     8
Block: Buckler           ||    12

Table legend: (Time is in decaauts)
 A = Elapsed time spent in this place.
 B = Non-inter-level travel time spent in this place.
 C = Inter-level travel time spent in this place.
 D = Time resting spent in this place.
 E = Time spent auto-exploring this place.
 F = Levels seen in this place.
 G = Mean time per level.
                   A        B        C        D        E       F      G
               +--------+--------+--------+--------+--------+-----+--------+
         Total |    215 |    215 |      0 |      0 |    153 |   1 |  215.0 |
       Dungeon |    215 |    215 |      0 |      0 |    153 |   1 |  215.0 |
               +--------+--------+--------+--------+--------+-----+--------+

Top non-repeatable levels by time:
     D:1: 215 daAuts
